 Dungeon Crawl Stone Soup version 0.28-a0-657-g71136c5590 (webtiles) character file.

Game seed: 5210784028492115525

1124 lawman0 the Grasshopper (level 8, -9/60 HPs)
             Began as a Gnoll Wanderer on Oct 13, 2021.
             Was an Initiate of Nemelex Xobeh.
             Killed by divine providence
             ... invoked by an orc priest
              (12 damage)
             ... on level 5 of the Dungeon.
             The game lasted 00:12:46 (7864 turns).

lawman0 the Grasshopper (Gnoll Wanderer)            Turns: 7864, Time: 00:12:47

Health: -9/60      AC:  5    Str: 12    XL:     8   Next: 35%
Magic:  14/14      EV: 11    Int: 16    God:    Nemelex Xobeh [......]
Gold:   1107       SH:  5    Dex: 13    Spells: 4/15 levels left

rFire   . . .      SeeInvis +   a - +5 war axe "Goblinbane" {drain, rPois Dex+4}
rCold   . . .      Faith    .   (no shield)
rNeg    . . .      Spirit   .   d - +0 ring mail
rPois   +          Reflect  +   (no helmet)
rElec   .          Harm     .   (no cloak)
rCorr   .          Rampage  .   (no gloves)
Will    .....                   (no boots)
Stlth   ++........              k - amulet of reflection
HPRegen 0.20/turn               l - ring of see invisible
MPRegen 0.14/turn               e - ring of poison resistance

@: no status effects
A: fangs 1, strong nose, distributed training
a: Renounce Religion, Draw Escape, Draw Destruction, Draw Summoning


You were on level 5 of the Dungeon.
You worshipped Nemelex Xobeh.
Nemelex Xobeh was noncommittal.
You visited 1 branch of the dungeon, and saw 5 of its levels.
You also visited: Sewer.

You collected 1391 gold pieces.
You spent 284 gold pieces at shops.

Inventory:

Hand Weapons
 a - the +5 war axe "Goblinbane" (weapon) {drain, rPois Dex+4}
   (You bought it in a shop on level 2 of the Dungeon)

   A truly terrible weapon, it drains the life of any living foe it strikes.
   Dex:       It affects your dexterity (+4).
   rPois:     It protects you from poison.
 b - the +7 hunting sling of Equilibrium {freeze, rF+ Int+2}
   (You bought it in a shop on level 2 of the Dungeon)

   Any ammunition fired from it freezes those it strikes, dealing additional
   cold damage.
   It can also slow down cold-blooded creatures.
   Int:       It affects your intelligence (+2).
   rF:        It protects you from fire.
Missiles
 i - 24 poisoned darts (quivered)
 n - 126 stones
 r - 6 javelins
Armour
 d - a +0 ring mail (worn)
Jewellery
 e - a ring of poison resistance (right hand)
 k - an amulet of reflection (around neck)
 l - a ring of see invisible (left hand)
Wands
 f - a wand of flame (12)
Scrolls
 c - a scroll of teleportation
 h - a scroll of amnesia
 t - a scroll of magic mapping {unknown}
Potions
 g - a potion of cancellation
 j - 3 potions of magic
 m - 2 potions of haste {unknown}
 o - a potion of heal wounds
 p - a potion of curing
 q - a potion of berserk rage {unknown}
 s - a potion of attraction {unknown}


   Skills:
 + Level 4.1 Fighting
 + Level 3.2 Short Blades
 + Level 3.2 Long Blades
 + Level 3.2 Axes
 + Level 3.2 Maces & Flails
 + Level 3.2 Polearms
 + Level 3.2 Staves
 + Level 3.2 Slings
 + Level 3.2 Bows
 + Level 4.1 Crossbows
 + Level 3.2 Throwing
 + Level 4.1 Armour
 + Level 3.2 Dodging
 + Level 4.0 Stealth
 + Level 4.1 Shields
 + Level 3.2 Unarmed Combat
 + Level 4.3 Spellcasting
 + Level 2.6 Conjurations
 + Level 2.6 Hexes
 + Level 2.6 Summonings
 + Level 2.6 Necromancy
 + Level 7.6 Translocations
 + Level 2.6 Transmutations
 + Level 2.6 Fire Magic
 + Level 2.6 Ice Magic
 + Level 2.6 Air Magic
 + Level 2.6 Earth Magic
 + Level 2.6 Poison Magic
 + Level 3.5 Invocations
 + Level 3.2 Evocations


You had 4 spell levels left.
You knew the following spells:

 Your Spells              Type           Power      Damage    Failure   Level
a - Blink                 Tloc           N/A        N/A       2%          2
b - Gell's Gravitas       Tloc           13%        N/A       4%          3
c - Teleport Other        Tloc           27%        N/A       4%          3
d - Mephitic Cloud        Conj/Pois/Air  11%        N/A       34%         3

Your spell library contained the following spells:

 Spells                   Type           Power      Damage    Failure   Level
 Lesser Beckoning         Tloc           27%        N/A       4%          3
 Magic Dart               Conj           44%        1d5       12%         1
 Call Imp                 Summ           11%        N/A       19%         2
 Corpse Rot               Necr/Air       N/A        N/A       19%         2
 Poisonous Vapours        Pois/Air       22%        N/A       19%         2
 Scorch                   Fire           22%        2d6       19%         2
 Dispel Undead            Necr           11%        3d9       75%         4
 Flame Wave               Conj/Fire      11%        3d4       75%         4
 Manifold Assault         Tloc           27%        N/A       38%         5
 Dispersal                Tloc           13%        N/A       93%         6
 Death Channel            Necr           5%         N/A       100%        6
 Summon Cactus Giant      Summ           5%         N/A       100%        6


Dungeon Overview and Level Annotations

Branches:
Dungeon (5/15)              Sewer (visited)
 Temple: D:4-7

Altars:
Cheibriados
Nemelex Xobeh

Shops:
D:2 (

Annotations:
D:3 3 runed translucent doors, cheechan's ghost, amateur OpWz


Innate Abilities, Weirdness & Mutations

You have very sharp teeth.
Your uncanny sense of smell can sniff out nearby items.
Your experience applies equally to all skills.


Message History

An orc comes into view. It is wielding a +0 hand axe.
The shadow closely misses you.
You completely miss the shadow.
The shadow is lightly damaged.
The shadow hits you!
An orc priest comes into view. It is wielding a +0 whip.
You closely miss the shadow.
The shadow is lightly damaged.
The orc priest shouts!
You hear a shout!
You block the shadow's attack. x2
You hit the shadow.
The shadow is moderately damaged.
The orc priest mumbles some strange prayers to Beogh against you.
Beogh smites you! You block the shadow's attack.
You are too injured to fight recklessly!
You slash the shadow!
The shadow is severely damaged.
The shadow hits you!
* * * LOW HITPOINT WARNING * * *
You are too injured to fight recklessly!
You hit the shadow. Your punch misses the shadow.
The shadow is almost destroyed.
The shadow hits you!
* * * LOW HITPOINT WARNING * * *
An orc priest comes into view. It is wielding a +0 flail.
The shadow hits you.
* * * LOW HITPOINT WARNING * * *
The orc barely misses you.
Unknown command.
You hit the orc.
The orc is lightly wounded.
You hit the shadow.
You destroy the shadow!
The orc priest calls upon Beogh to heal the orc.
The orc's wounds heal themselves!
The orc hits you with a +0 hand axe.
* * * LOW HITPOINT WARNING * * *
The orc priest calls down the wrath of Beogh upon you.
Beogh smites you!
You die...
Your body disappears without a glow.

####### # ####.#........######
......# .#.#.<#.#.(o.....##....
......####.#.##.#.#........##.###
..................>(..<....##.#
##..........#####...#########.#
##.............(.o..#.......#.#
##...........###(...#.#####.#.###
.............# #.o..........#.#..
..###........###@...#.........#.#
#.###...............#........##.#
#.§##....#..####.#..##.##........
#('##....#.......#.....##.##.##.#
§(..#######.######.######.#...#..
§....## #.# #.# #.#...#.# .l$...#
#.## #.# #.#†..#.# $§.$..# #..#
##'### #.#...### $§.$..# ##.##
#....# #.#......


You could see 2 orc priests and an orc.

Vanquished Creatures
  A shadow (D:5)
  Sigmund (D:2)
  A steam dragon (D:5)
  2 necrophages (D:5)
  An ogre (D:4)
  Blork the orc (D:4)
  A scorpion (D:4)
  3 iguanas
  An orc wizard (D:4)
  Ijyb (D:4)
  A hound skeleton (D:4)
  8 gnolls
  13 adders
  3 river rats (D:4)
  3 worms (D:4)
  3 dart slugs
  3 orcs (D:4)
  9 ball pythons
  6 bats
  7 endoplasms
  3 giant cockroaches (D:1)
  13 goblins
  6 hobgoblins
  9 jackals
  3 quokkas
  7 frilled lizards
  14 kobolds
  5 rats
129 creatures vanquished.

Vanquished Creatures (others)
  A fungus (D:2)
  10 plants (Sewer)
11 creatures vanquished.

Grand Total: 140 creatures vanquished

Notes
Turn   | Place    | Note
-------+----------+-------------------------------------------
     0 | D:1      | lawman0 the Gnoll Wanderer began the quest for the Orb.
     0 | D:1      | lawman0 set off with the following items: a +0 club, a +0
                  | robe, a scroll of teleportation; and the following spells
                  | available to memorise: Blink, Gell's Gravitas, Lesser
                  | Beckoning, Teleport Other, Manifold Assault
     0 | D:1      | Reached XP level 1. HP: 17/17 MP: 4/4
     0 | D:1      | lol
   430 | D:1      | Reached XP level 2. HP: 5/23 MP: 5/5
   802 | D:1      | Learned a level 2 spell: Blink
  1554 | D:1      | Reached XP level 3. HP: 28/28 MP: 7/7
  2100 | D:2      | Found Hucau's Antique Weapon Shoppe.
  2299 | D:2      | Found a faded altar of an unknown god.
  2427 | D:2      | Learned a level 3 spell: Gell's Gravitas
  2433 | D:2      | Noticed Sigmund
  2499 | D:2      | Reached skill level 1 in Invocations
  2846 | D:2      | Found a snail-covered altar of Cheibriados.
  3013 | D:3      | Reached skill level 1 in Short Blades
  3013 | D:3      | Reached skill level 1 in Long Blades
  3013 | D:3      | Reached skill level 1 in Axes
  3013 | D:3      | Reached skill level 1 in Maces & Flails
  3013 | D:3      | Reached skill level 1 in Polearms
  3013 | D:3      | Reached skill level 1 in Staves
  3013 | D:3      | Reached skill level 1 in Slings
  3013 | D:3      | Reached skill level 1 in Bows
  3013 | D:3      | Reached skill level 1 in Throwing
  3013 | D:3      | Reached skill level 1 in Dodging
  3013 | D:3      | Reached skill level 1 in Unarmed Combat
  3013 | D:3      | Reached skill level 1 in Evocations
  3013 | D:3      | Reached XP level 4. HP: 27/34 MP: 8/8
  3294 | D:3      | Identified a scroll of acquirement
  3322 | D:3      | Acquired 1183 gold pieces
  3338 | D:3      | Reached skill level 1 in Conjurations
  3338 | D:3      | Reached skill level 1 in Hexes
  3338 | D:3      | Reached skill level 1 in Summonings
  3338 | D:3      | Reached skill level 1 in Necromancy
  3338 | D:3      | Reached skill level 1 in Transmutations
  3338 | D:3      | Reached skill level 1 in Fire Magic
  3338 | D:3      | Reached skill level 1 in Ice Magic
  3338 | D:3      | Reached skill level 1 in Air Magic
  3338 | D:3      | Reached skill level 1 in Earth Magic
  3338 | D:3      | Reached skill level 1 in Poison Magic
  3422 | D:2      | Bought an iridescent war axe for 161 gold pieces
  3422 | D:2      | Identified the +5 war axe "Goblinbane" {drain, rPois Dex+4}
                  | (You bought it in a shop on level 2 of the Dungeon)
  3422 | D:2      | Bought a jewelled hunting sling for 123 gold pieces
  3422 | D:2      | Identified the +7 hunting sling of Equilibrium {freeze, rF+
                  | Int+2} (You bought it in a shop on level 2 of the Dungeon)
  3488 | D:3      | Noticed cheechan's ghost (amateur OpWz)
  3594 | D:3      | Found a runed translucent gate.
  3619 | D:3      | Found a runed translucent gate.
  3619 | D:3      | Found a runed translucent gate.
  3901 | D:3      | Learned a level 3 spell: Teleport Other
  4143 | D:4      | Noticed Ijyb
  4143 | D:4      | Noticed a scorpion
  4148 | D:4      | Killed Ijyb
  4149 | D:4      | Reached XP level 5. HP: 32/40 MP: 5/9
  4253 | D:4      | Reached XP level 6. HP: 20/47 MP: 1/10
  4283 | D:4      | HP: 1/47 [adder (3)]
  4352 | D:4      | Found a glowing drain.
  4361 | Sewer    | Entered a sewer
  5804 | D:4      | Reached XP level 7. HP: 52/52 MP: 12/12
  5992 | D:4      | Noticed Blork the orc
  6005 | D:4      | Killed Blork the orc
  6019 | D:4      | Found a sparkling altar of Nemelex Xobeh.
  6025 | D:4      | Became a worshipper of Nemelex Xobeh the Trickster
  6703 | D:2      | Killed Sigmund
  6954 | D:5      | Entered Level 5 of the Dungeon
  7100 | D:5      | Learned a level 3 spell: Mephitic Cloud
  7207 | D:5      | Noticed a shadow
  7214 | D:5      | Reached XP level 8. HP: 51/60 MP: 14/14
  7458 | D:5      | Noticed a troll
  7864 | D:5      | Killed a shadow
  7864 | D:5      | HP: 3/60 [orc (1)]
  7864 | D:5      | Killed from afar by an orc priest

Illustrated notes

.. ... .. ...
... ... #.. ...
... ..# #.# #..
#.##.##.#
#.#.#.#
...###...###...
.......@.......
...###...###...
#.#.#.#
#.##.##.# ..#
#.# #.. #.. ...
..# ... ... .#
.. ... .


Turn 0 on D:1: lol

Levels and vault maps discovered:
D:1:      roderic_crossed_star, layout_basic
D:2:      layout_rooms, shapermc_ecumenical_altar_ellora, serial_shops,
          nicolae_shop_competitors_out_of_business, basic_altar,
          kennysheep_generic_room_15, uniq_sigmund
D:3:      layout_basic, gammafunk_ghost_split
D:4:      layout_basic, nemelex_spade_bored_becter, lightli_sewer_entry_pipes,
          minmay_quantized, uniq_ijyb, uniq_blork_the_orc
D:5:      minmay_polygon_palace, layout_basic, serial_curves, eino_curves_02,
          eino_curves_04

Skill      XL: |  1  2  3  4  5  6  7  8 |
---------------+-------------------------+-----
Invocations    | 1 2 3 |  3.5
Short Blades   | 1 2 3 |  3.2
Long Blades    | 1 2 3 |  3.2
Axes           | 1 2 3 |  3.2
Maces & Flails | 1 2 3 |  3.2
Polearms       | 1 2 3 |  3.2
Staves         | 1 2 3 |  3.2
Slings         | 1 2 3 |  3.2
Bows           | 1 2 3 |  3.2
Throwing       | 1 2 3 |  3.2
Dodging        | 1 2 3 |  3.2
Unarmed Combat | 1 2 3 |  3.2
Evocations     | 1 2 3 |  3.2
Spellcasting   | 3 4 |  4.3
Conjurations   | 1 2 |  2.6
Hexes          | 1 2 |  2.6
Summonings     | 1 2 |  2.6
Necromancy     | 1 2 |  2.6
Transmutations | 1 2 |  2.6
Fire Magic     | 1 2 |  2.6
Ice Magic      | 1 2 |  2.6
Air Magic      | 1 2 |  2.6
Earth Magic    | 1 2 |  2.6
Poison Magic   | 1 2 |  2.6
Fighting       | 3 4 |  4.1
Crossbows      | 3 4 |  4.1
Armour         | 3 4 |  4.1
Shields        | 3 4 |  4.1
Stealth        | 3 4 |  4.0
Translocations | |  7.6

Action                   |  1- 3 |  4- 6 |  7- 9 || total
-------------------------+-------+-------+-------++-------
Melee: Club              |   139 |     7 |       ||   146
       Bite              |    11 |     9 |     1 ||    21
       War axe           |       |   103 |    53 ||   156
 Fire: Hunting sling     |       |    38 |    57 ||    95
Throw: Dart              |    46 |    29 |       ||    75
 Cast: Blink             |     1 |     2 |       ||     3
       Gell's Gravitas   |       |     4 |       ||     4
  Use: Scroll            |     1 |     6 |     3 ||    10
       Potion            |       |     2 |     2 ||     4
 Stab: Sleeping          |       |     3 |     2 ||     5
Armor: Robe              |     5 |       |       ||     5
       Ring mail         |    69 |    53 |    13 ||   135
Dodge: Dodged            |   115 |    82 |    41 ||   238
Block: Other             |       |       |    11 ||    11

Table legend: (Time is in decaauts)
 A = Elapsed time spent in this place.
 B = Non-inter-level travel time spent in this place.
 C = Inter-level travel time spent in this place.
 D = Time resting spent in this place.
 E = Time spent auto-exploring this place.
 F = Levels seen in this place.
 G = Mean time per level.
                   A        B        C        D        E       F      G
               +--------+--------+--------+--------+--------+-----+--------+
         Total |   8143 |   7667 |    476 |   1687 |   4460 |   6 | 1357.2 |
       Dungeon |   6936 |   6460 |    476 |   1440 |   3671 |   5 | 1387.2 |
         Sewer |   1206 |   1206 |      0 |    247 |    789 |   1 | 1206.0 |
               +--------+--------+--------+--------+--------+-----+--------+

Top non-repeatable levels by time:
     D:1: 2115 daAuts
     D:4: 1532 daAuts
     D:2: 1261 daAuts
   Sewer: 1206 daAuts
     D:3: 1109 daAuts
     D:5: 917 daAuts
